 Dungeon Crawl Stone Soup version 0.30-a0-782-ge64f9170bb (console) character file.

Game seed: 4016786512787196992

109 utis the Gusty (level 4, -1/24 HPs)
             Began as a Tengu Wanderer on Feb 26, 2023.
             Killed by divine providence
             ... invoked by an orc priest
              (11 damage)
             ... on level 3 of the Dungeon.
             The game lasted 00:07:39 (2981 turns).

utis the Gusty (Tengu Wanderer)                     Turns: 2981, Time: 00:07:40

Health: -1/24      AC:  5    Str: 12    XL:     4   Next: 89%
Magic:  6/6        EV: 11    Int: 21    God:
Gold:   45         SH:  0    Dex: 13    Spells: 4/5 levels left

rFire   . . .      SeeInvis +    r - +1 spear
rCold   . . .      Faith    .    (no shield)
rNeg    . . .      Spirit   .    l - +0 ring mail
rPois   .          Reflect  .    (helmet restricted)
rElec   .          Harm     .    (no cloak)
rCorr   .          Rampage  .    (no gloves)
Will    .....                    (boots unavailable)
Stlth   +                        (no amulet)
HPRegen 0.24/turn                I - +6 ring of intelligence
MPRegen 0.10/turn                v - ring of see invisible

@: no status effects
A: beak, talons 3
a: no special abilities


You were on level 3 of the Dungeon.
You visited 1 branch of the dungeon, and saw 3 of its levels.

You collected 45 gold pieces.

Inventory:

Hand Weapons
 a - a +0 dagger
 r - a +1 spear (weapon)
Missiles
 b - 16 poisoned darts
 h - 37 stones
 j - 6 javelins
 q - 5 curare-tipped darts {=f}
Armour
 d - a +0 robe
 i - a +0 scale mail
 l - a +0 ring mail (worn)
Jewellery
 m - the amulet "Qaruosao" {Acrobat rC+ Dex+2 Slay+2}
   (You found it on level 2 of the Dungeon)

   [amulet of the acrobat]

   It increases your evasion while moving and waiting.
   Dex:       It affects your dexterity (+2).
   Slay:      It affects your accuracy & damage with ranged weapons and melee
   (+2).
   rC:        It protects you from cold.
 v - a ring of see invisible (right hand)
 I - a +6 ring of intelligence (left hand)
Scrolls
 f - a scroll of identify {unknown}
 g - a scroll of enchant weapon
 k - 2 scrolls of magic mapping
 o - 2 scrolls of fear
Potions
 c - a potion of haste {@q3}
 e - 2 potions of curing {unknown}
 n - a potion of brilliance {unknown}
 p - a potion of might {unknown}
 s - a potion of magic {unknown}


   Skills:
 + Level 2.7 Throwing
 - Level 2.3 Dodging
 + Level 2.1 Stealth
 - Level 1.0 Spellcasting
 - Level 2.4 Conjurations
 - Level 1.5 Transmutations
 - Level 3.8 Air Magic
 - Level 1.0 Invocations


You had 4 spell levels left.
You knew the following spells:

 Your Spells              Type           Power      Damage    Failure   Level
z - Shock                 Conj/Air       56%        1d6       11%         1

Your spell library contained the following spells:

 Spells                   Type           Power      Damage    Failure   Level
 Wereblood                Tmut           7%         N/A       30%         2
 Cigotuvi's Dreadful Rot  Necr/Pois/Air  12%        N/A       32%         2
 Passwall                 Tmut/Erth      3%         N/A       38%         2
 Airstrike                Air            8%         2d(2-18)  58%         4
 Ozocubu's Armour         Ice            1%         N/A       73%         3
 Metabolic Englaciation   Hex/Ice        0%         N/A       100%        5
 Simulacrum               Ice/Necr       0%         N/A       100%        6


Dungeon Overview and Level Annotations

Branches:
Dungeon (3/15)

Altars:


Innate Abilities, Weirdness & Mutations

You have a beak for a mouth.
You have claws for feet.


Message History

HP restored.
An orc comes into view. It is wielding a +0 short sword.
You see here 12 gold pieces.
An orc is nearby!
An orc is nearby!
An orc is nearby!
Aiming: Shock (safe; 11% risk of failure)
Press: ? - help, Q - select action, (/) - cycle Shift-Dir - straight line, f - orc
Aim: an orc, wielding a +0 short sword and wearing a +0 leather armour (wandering, hasn't noticed you, 71% to hit)
The zap misses the orc.
The orc shouts!
You reach to attack!
You hit the orc but do no damage.
An orc priest comes into view. It is wielding a +0 mace.
An orc comes into view. It is wielding a +0 hand axe.
The orc hits you with a +0 short sword.
You completely miss the orc.
The orc shouts!
The orc priest shouts!
Your kick misses the orc. You hit the orc. You claw the orc, but do no damage.
The orc is moderately wounded.
The orc priest looks encouraged for a moment.
An orc priest comes into view. It is wielding a +0 whip.
The orc barely misses you. The orc hits you with a +0 short sword.
You see here a jackal corpse.
The orc attacks as you move away! The orc hits you but does no damage.
The orc attacks as you move away! The orc hits you but does no damage.
The orc priest calls down the wrath of Beogh upon you.
Beogh smites you!
* * * LOW HITPOINT WARNING * * *
The orc attacks as you move away! The orc closely misses you.
The orc priest looks encouraged for a moment.
The orc attacks as you move away! The orc hits you but does no damage.
The orc attacks as you move away! The orc closely misses you.
The orc attacks as you move away! The orc hits you with a +0 short sword.
* * * LOW HITPOINT WARNING * * *
There is a stone staircase leading up here.
The orc priest calls down the wrath of Beogh upon you.
Beogh smites you!
You die...

,,.,*░...░░░..........░ *,,,,*
,,..***░...░....░░░..░░░ *,.,,*
,,,..░░░░░....░░░ ░░...░░░....*
..,......░...░░░░░░░..........*
....**░.......>.........░░....*
....░░░.....░░.........░░░...,*
.░.░░..................░...░***
.░....<.†........÷.......░**
.░.............oQ).......░
.........................░
.........o........░.░.░░.░*
...........o..)...░...░*..░*
..................░░..░░*..░
..................░░...░**.░
................░.░░░..░░*,*
.......░░.░░░░..░)░░░...░*,*
..........░ ░░.░...░░░.░*,░


You could see an orc priest and 2 orcs.

Vanquished Creatures
  4 adders (D:2)
  A dart slug (D:2)
  7 ball pythons
  5 bats
  6 endoplasms
  4 giant cockroaches
  10 goblins
  6 hobgoblins
  2 jackals (D:3)
  3 quokkas (D:1)
  6 frilled lizards
  5 kobolds
  6 rats
65 creatures vanquished.

Notes
Turn   | Place    | Note
-------+----------+-------------------------------------------
     0 | D:1      | utis the Tengu Wanderer began the quest for the Orb.
     0 | D:1      | utis set off with the following items: a +0 dagger, 11
                  | poisoned darts, a potion of haste {@q3}, a +0 robe; and the
                  | following spell memorised: Shock; and the following spells
                  | available to memorise: Wereblood, Cigotuvi's Dreadful Rot,
                  | Passwall, Airstrike.
     0 | D:1      | Reached XP level 1. HP: 10/10 MP: 3/3
   305 | D:1      | Reached skill level 3 in Air Magic
   384 | D:1      | Reached skill level 1 in Conjurations
   384 | D:1      | Reached XP level 2. HP: 15/15 MP: 2/4
  1082 | D:1      | Reached XP level 3. HP: 19/19 MP: 3/5
  1622 | D:2      | Identified the amulet "Qaruosao" {Acrobat rC+ Dex+2 Slay+2}
  1993 | D:2      | Reached XP level 4. HP: 24/24 MP: 1/6
  2981 | D:3      | Killed from afar by an orc priest

Illustrated notes

Levels and vault maps discovered:
D:1:      roderic_octagonal_star, layout_loops_corners
D:2:      layout_basic, shapermc_ecumenical_altar_petra
D:3:      layout_rooms, minmay_unequal

Skill      XL: |  1  2  3  4 |
---------------+-------------+-----
Air Magic      | 3 |  3.8
Conjurations   | 1 2 |  2.4
Dodging        | 2 |  2.3
Stealth        | 2 |  2.1
Throwing       | |  2.7
Spellcasting   | |  1.0
Transmutations | |  1.5
Invocations    | |  1.0

Action                     |  1- 3 |  4- 6 || total
---------------------------+-------+-------++-------
  Melee: Dagger            |    75 |       ||    75
         Kick              |    18 |    14 ||    32
         Peck              |    10 |     9 ||    19
         Spear             |     4 |    55 ||    59
         Punch             |     2 |       ||     2
   Cast: Shock             |    28 |    11 ||    39
    Use: Scroll            |       |     5 ||     5
   Stab: Sleeping          |     1 |     1 ||     2
 Armour: Robe              |     6 |       ||     6
         Ring mail         |    15 |    20 ||    35
  Dodge: Dodged            |    45 |    28 ||    73

Table legend: (Time is in decaauts)
 A = Elapsed time spent in this place.
 B = Non-inter-level travel time spent in this place.
 C = Inter-level travel time spent in this place.
 D = Time resting spent in this place.
 E = Time spent auto-exploring this place.
 F = Levels seen in this place.
 G = Mean time per level.
                   A        B        C        D        E       F      G
               +--------+--------+--------+--------+--------+-----+--------+
         Total |   2986 |   2849 |    137 |    646 |   1551 |   3 |  995.3 |
       Dungeon |   2986 |   2849 |    137 |    646 |   1551 |   3 |  995.3 |
               +--------+--------+--------+--------+--------+-----+--------+

Top non-repeatable levels by time:
     D:1: 1522 daAuts
     D:2: 1122 daAuts
     D:3: 341 daAuts
